 Dungeon Crawl Stone Soup version 0.28-a0-828-g0121872642 (webtiles) character file.

Game seed: 13240667125889328108

6 croobank the Caller (level 1, 0/7 HPs)
             Began as a Felid Summoner on Nov 10, 2021.
             Slain by a bat (1 damage)
             ... on level 2 of the Dungeon.
             The game lasted 00:02:42 (1070 turns).

croobank the Caller (Felid Summoner)                Turns: 1070, Time: 00:02:43

Health: 0/7        AC:  1    Str:  4    XL:     1   Next: 75%
Magic:  1/4        EV: 17    Int: 16    God:
Gold:   40         SH:  0    Dex: 16    Spells: 3/4 levels left
                                        Lives:  0   Deaths: 0

rFire   . . .      SeeInvis +   (weapon unavailable)
rCold   . . .      Faith    .   (shield unavailable)
rNeg    . . .      Spirit   .   (armour unavailable)
rPois   .          Reflect  .   (helmet unavailable)
rElec   .          Harm     .   (cloak unavailable)
rCorr   .          Rampage  .   (gloves unavailable)
Will    .....                   (boots unavailable)
Stlth   ++........              (no amulet)
HPRegen 0.02/turn               (no ring)
MPRegen 0.09/turn               (no ring)

@: quick
A: very small, claws 1, fangs 3, see invisible, speed 1, shaggy fur 1, stealthy
paws, no weapons or thrown items, no armour, multi-lived
a: no special abilities


You were on level 2 of the Dungeon.
You visited 1 branch of the dungeon, and saw 2 of its levels.

You collected 40 gold pieces.

Inventory:

Missiles
 a - 71 stones
Potions
 b - a potion of resistance {unknown}
 c - a potion of might {unknown}
 e - a potion of haste {unknown}


   Skills:
 + Level 2.9 Dodging
 + Level 2.7 Stealth
 + Level 2.2 Spellcasting
 + Level 4.0 Summonings


You had 3 spell levels left.
You knew the following spells:

 Your Spells              Type           Power      Damage    Failure   Level
a - Summon Small Mammal   Summ           56%        N/A       3%          1

Your spell library contained the following spells:

 Spells                   Type           Power      Damage    Failure   Level
 Call Imp                 Summ           14%        N/A       6%          2
 Call Canine Familiar     Summ           14%        N/A       12%         3
 Summon Guardian Golem    Hex/Summ       8%         N/A       26%         3
 Summon Lightning Spire   Summ/Air       8%         N/A       65%         4


Dungeon Overview and Level Annotations

Branches:
Dungeon (2/15)

Altars:

Shops:
D:1 =


Innate Abilities, Weirdness & Mutations

You have sharp claws.
You have razor-sharp teeth.
You have supernaturally acute eyesight. (SInv)
You cover ground quickly. (Speed+)
You are covered in fur. (AC +1)
Your paws help you pounce on unaware monsters.
You are incapable of wielding weapons or throwing items.
You cannot wear armour.
You gain extra lives every three experience levels.


Message History

The ball python barely misses you. The ball python closely misses you.
Your bat barely misses the kobold.
Your bat misses the ball python. The kobold misses your bat.
You barely miss the ball python.
Your bat closely misses the ball python.
The bat hits you.
Your bat closely misses the bat.
The ball python misses you. x2
You scratch the ball python.
The ball python is moderately wounded.
Your bat misses the kobold. The bat hits you.
Your bat misses the adder. Your bat hits the ball python. The bat hits you.
The ball python bites you.
* * * LOW HITPOINT WARNING * * *
The ball python grabs you. The ball python constricts you.
Your bat hits the kobold but does no damage.
You escape the ball python's grasp.
Your bat hits the kobold but does no damage.
Your bat hits the adder. The bat closely misses you.
Your bat barely misses the ball python.
Your bat hits the ball python.
The ball python dies!
Your bat barely misses the adder.
The giant cockroach closely misses your bat.
Your bat misses the adder.
Your bat hits the bat but does no damage.
The quokka bites your bat.
Your bat closely misses the quokka.
Your bat hits the bat. The quokka bites your bat.
Your bat dies!
Your bat's corpse disappears in a puff of smoke!
The adder bites your bat but does no damage.
Your bat barely misses the kobold.
Your bat hits the kobold.
The kobold hits your bat with a +0 dagger.
The adder bites something.
The adder poisons something!
The bat misses you. The bat completely misses you. The adder misses your bat.
Your bat barely misses the bat.
Your bat dies!
Your bat's corpse disappears in a puff of smoke!
The bat barely misses you. The bat hits you.
You die...

#.#.# ##...# .....#
.g...# .....#
....>#########
....§g.BSKK§.#
......r....#.#######.#
.....#####.#.S.b@....#
...(.# #.###########
.....# #.# .##### #.#
# #.# ..#


You could see an adder and a bat.

Vanquished Creatures
  A bat (D:1)
  2 goblins (D:1)
  A kobold (D:1)
4 creatures vanquished.

Vanquished Creatures (collateral kills)
  A ball python (D:2)
1 creature vanquished.

Grand Total: 5 creatures vanquished

Notes
Turn   | Place    | Note
-------+----------+-------------------------------------------
     0 | D:1      | croobank the Felid Summoner began the quest for the Orb.
     0 | D:1      | Reached XP level 1. HP: 7/7 MP: 4/4
   203 | D:1      | Found Vanuh's Jewellery Shop.
  1070 | D:2      | Slain by a bat

Illustrated notes

Levels and vault maps discovered:
D:1:      minmay_arrival_jagged, layout_loops_corners, serial_shops, shop,
          roderic_serpentine_path
D:2:      layout_basic, serial_bayou_pond_b, minmay_fountain_box

Action                   || total
-------------------------++-------
Melee: Unarmed           ||     8
       Bite              ||     1
 Cast: Summon Small Mamm ||     6
  Use: Scroll            ||     1
 Stab: Sleeping          ||     2
Dodge: Dodged            ||     8

Table legend: (Time is in decaauts)
 A = Elapsed time spent in this place.
 B = Non-inter-level travel time spent in this place.
 C = Inter-level travel time spent in this place.
 D = Time resting spent in this place.
 E = Time spent auto-exploring this place.
 F = Levels seen in this place.
 G = Mean time per level.
                   A        B        C        D        E       F      G
               +--------+--------+--------+--------+--------+-----+--------+
         Total |    887 |    865 |     22 |    106 |    693 |   2 |  443.5 |
       Dungeon |    887 |    865 |     22 |    106 |    693 |   2 |  443.5 |
               +--------+--------+--------+--------+--------+-----+--------+

Top non-repeatable levels by time:
     D:1: 870 daAuts
     D:2: 17 daAuts
